 Dungeon Crawl Stone Soup version 0.25-a0-937-gcfae464cf3 (webtiles) character file.

Game seed: 12060326994201732744, levelgen mode: deterministic

678054 Insin the Conqueror (level 27, -3/208 HPs)
             Began as a Deep Dwarf Fighter on May 4, 2020.
             Was the Champion of Makhleb.
             Killed from afar by a Hell Sentinel (31 damage)
             ... with damnation
             ... on level 1 of the Realm of Zot on May 5, 2020.
             The game lasted 07:32:44 (60041 turns).

Insin the Conqueror (Deep Dwarf Fighter)           Turns: 60041, Time: 07:32:45

Health: -3/208     AC: 52    Str: 31 (34) XL:     27
Magic:  2/2        EV: 11    Int: 11 (15) God:    Makhleb [******]
Gold:   7128       SH: 35    Dex: 12      Spells: 28/28 levels left

rFire    + + .     SeeInvis .   a - +5 war axe (vamp)
rCold    + + .     Gourm    .   D - +4 tower shield {rN+}
rNeg     + + .     Faith    .   x - +12 crystal plate armour
rPois    .         Spirit   .   (no helmet)
rElec    +         Reflect  +   F - scarf {rC+ rF+}
rCorr    .         Harm     .   V - +3 pair of gauntlets of War {Slay+5}
MR       +++++     Rnd*Tele +   N - +1 pair of boots {run}
Stlth    ..........             K - +4 amulet of reflection
HPRegen  0.00/turn              Z - ring of Attitude {rElec rF+ Str+5 Int+4 Stlth+}
MPRegen  0.08/turn              S - ring "Baclos" {MR+ Str+2 Int+4 Stlth+}

@: mighty, non-regenerating, quick
A: damage resistance, heal wounds, thin metallic scales 1, thin skeletal
structure 1, blurry vision 1, clumsy 1, cold resistance 1, dopey 2, frail 3, low
mp 1, negative energy resistance 1, sense surroundings 3, screaming 2,
electricity resistance, teleportitis 1, weak 2, evolution 1, subdued magic 3,
MP-powered wands, no regeneration
0: Orb of Zot
}: 3/15 runes: serpentine, barnacled, silver
a: Heal Wounds, Minor Destruction, Lesser Servant of Makhleb, Major Destruction,
Greater Servant of Makhleb, Renounce Religion


You were on level 1 of the Realm of Zot.
You worshipped Makhleb.
Makhleb was exalted by your worship.
You were very full.

You visited 10 branches of the dungeon, and saw 50 of its levels.
You visited the Abyss 1 time.
You also visited: Trove, Bailey, Gauntlet and Volcano.

You collected 11047 gold pieces.
You spent 3919 gold pieces at shops.

Inventory:

Hand Weapons
 a - a +5 vampiric war axe (weapon)
 q - the +9 war axe of Earthquakes {chaos, rF- Str+7}
   (You found it on level 1 of the Vaults)

   Each time it hits an enemy it has a different, random effect.
   It affects your strength (+7).
   It makes you vulnerable to fire.
 Y - a +6 antimagic executioner's axe
Armour
 x - a +12 crystal plate armour (worn)
 D - a +4 tower shield of positive energy (worn)
 F - a scarf of resistance (worn)
 N - a +1 pair of boots of running (worn)
 V - the +3 pair of gauntlets of War (worn) {Slay+5}
   (You acquired it on level 2 of the Snake Pit)

   It affects your accuracy and damage with ranged weapons and melee attacks
   (+5).
Jewellery
 t - an uncursed ring of protection from cold
 u - a cursed -5 ring of protection
 y - an uncursed amulet of the acrobat
 z - an uncursed amulet of harm
 B - an uncursed ring of magical power
 H - an uncursed ring of positive energy
 K - a +4 amulet of reflection (around neck)
 M - an uncursed ring of protection from cold
 O - the ring "Onaon" {rF++ rC+ Int-2 Dex+7}
   (You found it in a Gauntlet)

   [ring of protection from cold]

   It affects your intelligence (-2).
   It affects your dexterity (+7).
   It greatly protects you from fire.
   It protects you from cold.
 S - the ring "Baclos" (right hand) {MR+ Str+2 Int+4 Stlth+}
   (You bought it in a shop on level 4 of the Snake Pit)

   [ring of stealth]

   It affects your strength (+2).
   It affects your intelligence (+4).
   It affects your resistance to hostile enchantments.
   It makes you more stealthy.
 W - an uncursed ring of resist corrosion
 Z - the ring of Attitude (left hand) {rElec rF+ Str+5 Int+4 Stlth+}
   (You found it on level 3 of the Shoals)

   [ring of protection from fire]

   It affects your strength (+5).
   It affects your intelligence (+4).
   It protects you from fire.
   It insulates you from electricity.
   It makes you more stealthy.
Wands
 i - a wand of enslavement (32)
 p - a wand of scattershot (9)
 s - a wand of iceblast (26)
 A - a wand of polymorph (37)
 L - a wand of disintegration (40)
Scrolls
 b - 8 scrolls of fear
 e - 24 scrolls of teleportation
 g - 5 scrolls of blinking
 j - 2 scrolls of summoning
 k - 3 scrolls of noise
 l - 21 scrolls of remove curse
 v - 8 scrolls of fog
 J - 6 scrolls of silence
 Q - 12 scrolls of identify
 T - 5 scrolls of amnesia
Potions
 c - 4 potions of invisibility
 d - 4 potions of might
 m - 3 potions of ambrosia
 n - 3 potions of berserk rage
 o - 10 potions of curing
 r - 2 potions of magic
 w - 2 potions of stabbing
 C - 2 potions of resistance
 E - 4 potions of flight
 G - 6 potions of heal wounds
 I - 5 potions of cancellation
 P - 2 potions of brilliance
 R - 2 potions of haste
Miscellaneous
 h - a lightning rod (1/4)
 X - 4 phantom mirrors
Comestibles
 f - 62 rations


   Skills:
 O Level 27 Fighting
 - Level 23.9 Axes
   Level 2.0(2.5) Slings
 - Level 1.7(2.1) Throwing
 + Level 25.2 Armour
 - Level 6.9 Dodging
 - Level 4.1 Stealth
 - Level 25.0 Shields
 - Level 1.9 Unarmed Combat
 - Level 1.3 Spellcasting
 - Level 18.0 Invocations
 - Level 3.4 Evocations


You had 28 spell levels left.
You didn't know any spells.
Your spell library contained the following spells:

 Spells                   Type           Power        Failure   Level  Hunger
 Beastly Appendage        Tmut           #.....       78%         1    ##.....
 Corona                   Hex            #......      78%         1    ##.....
 Foxfire                  Conj/Fire      #...         78%         1    ##.....
 Freeze                   Ice            #...         78%         1    ##.....
 Infusion                 Chrm           #...         78%         1    ##.....
 Magic Dart               Conj           #...         78%         1    ##.....
 Shock                    Conj/Air       #...         78%         1    ##.....
 Blink                    Tloc           N/A          90%         2    ###....
 Call Imp                 Summ           #.......     90%         2    ###....
 Corpse Rot               Necr/Air       N/A          90%         2    ###....
 Ensorcelled Hibernation  Hex/Ice        #.....       90%         2    ###....
 Poisonous Vapours        Pois/Air       #.....       90%         2    ###....
 Searing Ray              Conj           #.....       90%         2    ###....
 Shroud of Golubria       Chrm/Tloc      #.....       90%         2    ###....
 Slow                     Hex            #.......     90%         2    ###....
 Song of Slaying          Chrm           #.......     90%         2    ###....
 Sticks to Snakes         Tmut           #.......     90%         2    ###....
 Sublimation of Blood     Necr           #.........   90%         2    ###....
 Confusing Touch          Hex            #.......     99%         3    ####...
 Conjure Flame            Conj/Fire      #.......     99%         3    ####...
 Dazzling Flash           Conj/Hex       #.....       99%         3    ####...
 Frozen Ramparts          Ice            #.....       99%         3    ####...
 Gell's Gravitas          Tloc           #.........   99%         3    ####...
 Ignite Poison            Fire/Tmut/Pois #.......     99%         3    ####...
 Inner Flame              Hex/Fire       #.......     99%         3    ####...
 Lesser Beckoning         Tloc           #.........   99%         3    ####...
 Mephitic Cloud           Conj/Pois/Air  #.......     99%         3    ####...
 Ozocubu's Armour         Chrm/Ice       #.......     99%         3    ####...
 Portal Projectile        Hex/Tloc       #.....       99%         3    ####...
 Spectral Weapon          Hex/Chrm       #.......     99%         3    ####...
 Spider Form              Tmut/Pois      #.........   99%         3    ####...
 Static Discharge         Conj/Air       #.......     99%         3    ####...
 Stone Arrow              Conj/Erth      #.....       99%         3    ####...
 Teleport Other           Tloc           #.......     99%         3    ####...
 Tukima's Dance           Hex            #.......     99%         3    ####...
 Cause Fear               Hex            #.........   100%        4    #####..
 Fulminant Prism          Conj/Hex       #.........   100%        4    #####..
 Hailstorm                Conj/Ice       #.......     100%        4    #####..
 Ice Form                 Ice/Tmut       #.......     100%        4    #####..
 Iskenderun's Mystic Bla  Conj/Tloc      #.......     100%        4    #####..
 Leda's Liquefaction      Hex/Erth       #.........   100%        4    #####..
 Petrify                  Tmut/Erth      #.......     100%        4    #####..
 Summon Ice Beast         Ice/Summ       #.......     100%        4    #####..
 Summon Lightning Spire   Summ/Air       #.......     100%        4    #####..
 Alistair's Intoxication  Tmut/Pois      #.......     100%        5    ######.
 Aura of Abjuration       Summ           #.........   100%        5    ######.
 Blade Hands              Tmut           #.........   100%        5    ######.
 Irradiate                Conj/Tmut      #.........   100%        5    ######.
 Metabolic Englaciation   Hex/Ice        #.........   100%        5    ######.
 Silence                  Hex/Air        #.........   100%        5    ######.
 Summon Forest            Summ/Tloc      #.........   100%        5    ######.
 Yara's Violent Unravell  Hex/Tmut       #.........   100%        5    ######.
 Conjure Ball Lightning   Conj/Air       #.........   100%        6    #######
 Dispersal                Tloc           #.........   100%        6    #######
 Eringya's Noxious Bog    Tmut/Pois      #.........   100%        6    #######
 Freezing Cloud           Conj/Ice/Air   #.........   100%        6    #######
 Hydra Form               Tmut           #.........   100%        6    #######
 Invisibility             Hex            #.......     100%        6    #######
 Ozocubu's Refrigeration  Ice            #.........   100%        6    #######
 Simulacrum               Ice/Necr       #.........   100%        6    #######
 Dragon Form              Tmut           #.........   100%        7    #######
 Ring of Flames           Chrm/Fire      #.........   100%        7    #######
 Summon Hydra             Summ           #.........   100%        7    #######
 Discord                  Hex            #.........   100%        8    #######
 Dragon's Call            Summ           #.........   100%        9    #######
 Tornado                  Air            #.........   100%        9    #######
 Passage of Golubria      Tloc           Unusable     N/A         4    N/A

Dungeon Overview and Level Annotations

Branches:
Dungeon (15/15)            Temple (0/1) D:6            Lair (6/6) D:9
 Shoals (4/4) Lair:3        Snake (4/4) Lair:3        Slime (0/5) Lair:6
    Orc (2/2) D:10            Elf (3/3) Orc:2        Vaults (5/5) D:13
  Crypt (1/3) Vaults:3     Depths (5/5) D:15            Zot (5/5) Depths:5
 Bailey (visited)         Volcano (visited)         Gauntlet (visited)

Altars:
Fedhas
Makhleb
Nemelex Xobeh
Okawaru
Wu Jian
Xom
Yredelemnul
Zin
Jiyva

Shops:
D:7 *%[[   D:10 %   Orc:2 (=[*   Elf:3 *   Shoals:4 *   Snake:2 *}=}
Snake:4 !!(=   Depths:1 %   Depths:2 (!   Depths:5 *[(:

Portals:
Hell: Depths:1 Depths:2 Depths:3 Depths:4 Depths:5
Abyss: Depths:1 Depths:2 Depths:4
Pandemonium: Depths:1 Depths:3
Ziggurat: Depths:1


Innate Abilities, Weirdness & Mutations

You are resistant to damage.
You can heal yourself by infusing magical energy.
You resist negative energy. (rN+)
You passively map a large area around you.
You do not regenerate.
You are partially covered in thin metallic scales. (AC +2)
You have a somewhat thin skeletal structure. (Dex +2, Stealth)
Scrolls take you a little longer to read.
You are clumsy. (Dex -2)
Your flesh is cold resistant. (rC+)
You are very dopey. (Int -4)
You are extremely frail. (-30% HP)
Your magical capacity is low. (-10% MP)
You sometimes yell uncontrollably at your foes.
You are resistant to electric shocks. (rElec)
You are occasionally teleported next to monsters.
You are very weak. (Str -4)
You evolve.
Your spells are much easier to cast, but much less powerful.
You expend magic power (3 MP) to strengthen your wands.


Message History

You block Beef's attack. The hellion closely misses you.
The infernal blood saint calls on the powers of chaos!
Beef suddenly seems more resistant.
The hellion's magical defenses are stripped away.
The Orb Guardian evaporates and reforms as a death yak!
The Ice Fiend suddenly seems more resistant.
Beef no longer looks unusually strong.
You block the hellion's attack. You block Beef's attack.
You block the hellion's attack. You block Beef's attack.
The hellion hits you but does no damage.
The gelid blood saint calls on the powers of chaos!
The Hell Sentinel seems to speed up.
The death yak seems to speed up.
Beef hits you!
* * * LOW HITPOINT WARNING * * *
You writhe in agony.
* * * LOW HITPOINT WARNING * * *
The hellion hits you but does no damage.
The Hell Sentinel gestures at you.
The sphere of damnation explodes!
The damnation engulfs you!!!
You die...

*#..##.....8...##....,
#..#....
*#..#[#......##....
#..###1..
##†..'.....##....., ,
..# ##...
##..#...###.....
.#*##...#
##.#####⌠.....# , *
##)..## ##.....#.....#
,, ##...###
##?...##...)# ##...####
##..## #.∩.## ##1.(####.
##..####@.2##
##....###..
##..####.&Y###......#..#
##..####16.#.........##
##..####.61........##
##..####.........##
##..####.......##
##..###......##
##..##.....##
##.)#....##


You could see Beef, a Hell Sentinel, an Ice Fiend, a death yak, 2 demonspawn and
a hellion.

Vanquished Creatures
  7 orbs of fire
  Mennas (Vaults:2)
  3 ancient liches (Zot:5)
  2 juggernauts
  Vashnia (Snake:4)
  3 Killer Klowns (Zot:5)
  A curse toe (Zot:4)
  7 caustic shrikes
  the Enchantress (Depths:4)
  12 golden dragons
  2 electric golems (Zot:5)
  Jorgrun (Elf:1)
  Rupert (Lair:5)
  18 tentacled monstrosities
  24 Orb Guardians (Zot:5)
  The ghost of Glorfindel the Stormcaller, an adept TeAE of Vehumet (Vaults:4)
  4 liches
  5 quicksilver dragons
  2 titans
  A deep elf master archer (Elf:3)
  8 death cobs
  3 tentacled starspawn (Abyss:2)
  Agnes (Snake:2)
  17 storm dragons
  Frances (Shoals:2)
  9 sphinxes
  6 shadow dragons
  6 draconian monks
  11 fire giants
  7 tengu reavers
  8 nagarajas
  3 draconian knights (Zot:4)
  7 deep elf sorcerers
  18 frost giants
  The ghost of Vofuim the Severer, a journeyman DDFi of Makhleb (D:15)
  2 iron dragons
  19 vault wardens
  7 draconian scorchers
  Aizul (Depths:1)
  An orc warlord (Orc:2)
  3 ghost moths
  2 draconian stormcallers (Depths:5)
  9 draconian shifters
  3 deep elf elementalists
  3 stone giants (shapeshifter)
  3 war gargoyles (Vaults:5)
  20 ironheart preservers
  9 draconian annihilators
  13 spriggan defenders
  20 stone giants
  7 green draconians
  13 very ugly things
  13 white draconians
  3 vampire knights
  18 black draconians
  A caustic shrike skeleton (Depths:3)
  The ghost of kMk the Gelid, a journeyman DrIE of Vehumet (Orc:1)
  2 minotaurs (Vaults:2)
  3 deep elf demonologists
  2 lorocyprocas (Depths:4)
  2 entropy weavers (Vaults:3)
  12 purple draconians
  10 yellow draconians
  8 deep elf annihilators
  7 red draconians
  A merfolk javelineer (Shoals:4)
  9 spark wasps
  5 deep elf death magi
  14 ettins
  3 eidola
  8 fire dragons
  2 crystal guardians (Vaults:4)
  6 jiangshi
  4 merfolk impalers (Shoals:4)
  Fannar (Orc:1)
  7 deep elf high priests
  10 yaktaur captains
  9 great orbs of eyes
  2 rakshasas (Depths:3)
  Erolcha (Orc:1)
  30 vault guards
  7 naga warriors
  15 ice dragons
  The ghost of Ycsan the Frost Mage, a journeyman CeIE of Cheibriados (D:12)
  2 hydras
  3 merfolk aquamancers
  An anaconda (shapeshifter) (Vaults:5)
  8 spriggan air magi
  2 merfolk avatars
  An alligator snapping turtle (Shoals:1)
  Erica (Orc:1)
  11 anacondas
  A two-headed ogre (shapeshifter) (Vaults:3)
  2 satyrs
  6 centaur warriors
  5 death knights
  27 dancing weapons
  15 ogre magi
  45 two-headed ogres
  7 deep troll earth magi
  7 deep troll shamans
  2 hell knights (Vaults:4)
  10 tengu warriors
  A thrashing horror (Abyss:2)
  14 naga sharpshooters
  4 vampire magi
  4 shock serpents
  Nergalle (D:11)
  2 soul eaters
  8 spriggans
  4 orc high priests (Orc:2)
  2 wretched stars
  11 spriggan berserkers
  28 deep elf knights
  A shadow wraith (Vaults:5)
  15 skeletal warriors
  2 storm dragon skeletons (Depths:3)
  3 iron trolls (Depths:5)
  2 sea snakes (shapeshifter)
  2 wizards
  An unseen horror (shapeshifter) (D:14)
  4 salamander mystics (Snake:4)
  A spark wasp zombie (Depths:3)
  13 sea snakes
  25 deep trolls
  2 shadow demons (Depths:4)
  3 unseen horrors
  11 deep elf archers
  3 glowing orange brains
  An infernal demonspawn (Depths:1)
  A flayed ghost (Depths:2)
  2 harpies
  2 obsidian statues (Zot:5)
  A harpy (shapeshifter) (Vaults:3)
  15 ironbrand convokers
  7 necromancers
  5 lindwurms
  13 orc knights
  Pikel (D:5)
  6 phantasmal warriors
  7 naga ritualists
  71 deep elf magi
  9 orc sorcerers
  3 wolf spiders
  33 ugly things
  A shadow dragon skeleton (Depths:3)
  9 manticores
  12 mana vipers
  5 cyclopes
  8 salamanders
  A salamander (shapeshifter) (Vaults:3)
  A black mamba (shapeshifter) (Elf:1)
  19 moths of wrath
  2 moths of wrath (shapeshifter)
  4 merfolk sirens
  8 elephants
  5 molten gargoyles (Volcano)
  4 water nymphs
  48 black mambas
  A dire elephant zombie (Abyss:2)
  23 naga magi
  A rust devil (Depths:1)
  6 guardian serpents
  A spiny frog (shapeshifter) (Depths:1)
  A smoke demon (Depths:2)
  6 vault sentinels
  2 fire giant skeletons (Vaults:4)
  A minotaur zombie (Gauntlet)
  A yaktaur zombie (Vaults:4)
  3 gargoyles
  2 kobold demonologists
  A komodo dragon (shapeshifter) (Vaults:3)
  7 spiny frogs
  15 komodo dragons
  2 rime drakes
  26 yaktaurs
  A human skeleton (Vaults:4)
  11 freezing wraiths
  A demonic crawler (Abyss:2)
  A sea snake zombie (Crypt:1)
  An ice devil (Depths:1)
  6 meliai (D:13)
  7 tengu conjurers
  4 ancient zymes (Abyss:2)
  A red devil (Depths:2)
  A troll (shapeshifter) (D:13)
  10 trolls
  A jumping spider (Vaults:3)
  A queen bee (shapeshifter) (Vaults:4)
  5 wind drakes
  A queen bee (D:13)
  4 polar bears (Lair:6)
  20 merfolk
  A polar bear (shapeshifter) (Abyss:2)
  14 hornets
  A hornet (shapeshifter) (Vaults:4)
  2 blink frogs (shapeshifter)
  A raiju (shapeshifter) (Depths:2)
  A fire giant simulacrum (Vaults:4)
  Prince Ribbit (Lair:2)
  23 blink frogs
  8 raiju (Abyss:2)
  6 hippogriffs
  23 slime creatures
  A fire dragon zombie (Abyss:2)
  A dream sheep (shapeshifter) (Vaults:5)
  7 snapping turtles
  An ettin zombie (Vaults:4)
  2 dream sheep (Shoals:3)
  An ice dragon zombie (Crypt:1)
  A shadow (D:13)
  6 redbacks
  A tarantella (shapeshifter) (Vaults:5)
  A redback (shapeshifter) (D:15)
  2 spriggans (shapeshifter)
  A spriggan simulacrum (Depths:3)
  2 fire elementals
  17 water elementals
  44 yaks
  Grum (D:9)
  7 wyverns
  5 basilisks
  5 wraiths
  Eustachio (D:5)
  A hog (shapeshifter) (Elf:3)
  4 neqoxecs (D:12)
  A steam dragon (D:12)
  3 vampire mosquitoes (D:15)
  9 large abominations
  A swamp worm (shapeshifter) (Vaults:5)
  3 wargs
  Menkaure (D:5)
  A yaktaur simulacrum (Vaults:3)
  Edmund (D:5)
  2 hell hounds (Lair:1)
  3 acid dragons
  9 water moccasins
  A soldier ant (D:11)
  34 nagas
  A floating eye (Depths:3)
  16 porcupines
  3 sky beasts
  4 slaves (D:5)
  2 ice beasts
  A black bear (shapeshifter) (Vaults:4)
  5 phantoms
  A black bear (D:7)
  57 orc warriors
  57 ogres
  A necrophage (D:7)
  15 centaurs
  6 wolves
  4 boggarts
  7 crocodiles
  5 big kobolds
  17 bullfrogs
  3 earth elementals
  A wyvern skeleton (D:12)
  9 small abominations
  4 scorpions
  34 killer bees
  7 howler monkeys
  8 wights
  An electric eel (Lair:3)
  11 crimson imps
  6 starcursed masses (Abyss:2)
  7 quasits
  9 hounds
  5 centaur skeletons
  2 jellies
  28 orc priests
  25 orc wizards
  2 bullfrog skeletons
  4 iron imps
  2 iguanas
  3 polar bear simulacra (Lair:4)
  10 worker ants
  4 yak simulacra (Lair:4)
  A killer bee zombie (D:6)
  3 hound skeletons
  16 adders
  11 gnolls
  7 shadow imps
  4 white imps (Abyss:2)
  3 ufetubi
  2 oozes
  An adder skeleton (D:7)
  4 worms
  4 dart slugs
  8 leopard geckos
  125 orcs
  11 giant cockroaches
  10 goblins
  7 hobgoblins
  19 jackals
  4 quokkas
  9 bats
  7 frilled lizards
  22 kobolds
  A kobold zombie (Crypt:1)
  A leopard gecko skeleton (D:5)
  9 rats
  4 river rat simulacra (Lair:4)
  A spectral orc (D:3)
  2 crawling corpses
  14 fungi
  A lurking horror (Abyss:2)
  5 plants
  3 starspawn tentacles (Abyss:2)
2325 creatures vanquished.

Vanquished Creatures (collateral kills)
  An ancient lich (Zot:5)
  Margery (Vaults:4)
  The ghost of Geloitur the Imperceptible, a veteran SpEE of Dithmenos (Vaults:2)
  A golden dragon (Zot:5)
  Jory (Depths:3)
  A tentacled monstrosity (Vaults:5)
  An Orb Guardian (Zot:5)
  2 titans (Vaults:2)
  A deep elf blademaster (Elf:3)
  A death cob (Zot:2)
  A storm dragon (Zot:3)
  A vault warden (Vaults:1)
  2 deep elf sorcerers (Elf:3)
  Louise (Elf:1)
  A curse skull (Vaults:3)
  A caustic shrike skeleton (Depths:3)
  A war gargoyle (Vaults:5)
  2 ironheart preservers
  A deep elf demonologist (Elf:3)
  A black draconian (Zot:2)
  2 white draconians
  A spark wasp (Depths:3)
  2 minotaurs
  A purple draconian (Zot:2)
  A red draconian (Zot:2)
  A deep elf annihilator (Elf:3)
  2 deep elf death magi (Elf:3)
  2 merfolk impalers (Shoals:4)
  2 jiangshi (Depths:1)
  2 deep elf high priests (Elf:3)
  A rakshasa (Vaults:1)
  5 vault guards (Vaults:5)
  A hydra (Lair:6)
  A naga warrior (Snake:4)
  5 two-headed ogres
  4 anacondas (Snake:4)
  A centaur warrior (Vaults:2)
  A tengu warrior (Vaults:2)
  A deep troll shaman (Vaults:2)
  2 ogre magi
  2 small abominations
  3 shock serpents (Snake:4)
  A deep elf knight (Vaults:2)
  A death drake (shapeshifter) (D:14)
  A hell knight (Vaults:4)
  A large abomination (Elf:3)
  2 sea snakes (Shoals:3)
  A deep troll (Vaults:2)
  A deep elf archer (Vaults:2)
  A wizard (Depths:1)
  An ironbrand convoker (Vaults:1)
  2 orc knights
  A harpy (Shoals:3)
  A mana viper (Snake:4)
  A deep elf mage (Elf:3)
  3 ugly things (Vaults:2)
  A faun (Shoals:3)
  A manticore (Shoals:4)
  2 moths of wrath
  3 elephants
  A water nymph (Shoals:3)
  A guardian serpent (Snake:4)
  4 merfolk sirens
  3 black mambas
  A naga mage (Snake:4)
  2 vault sentinels (Vaults:2)
  An orange demon (Depths:1)
  3 yaktaurs
  A spiny frog (Lair:2)
  A tormentor (Depths:1)
  A freezing wraith (Vaults:5)
  A polar bear (shapeshifter) (Vaults:2)
  3 merfolk
  A wind drake (Shoals:3)
  3 hornets
  A slime creature (Vaults:2)
  A blink frog (Lair:6)
  2 snapping turtles (Shoals:4)
  2 spriggans (Depths:3)
  A water elemental (Shoals:3)
  A fire elemental (Volcano)
  A yak (Lair:2)
  A naga (Snake:4)
  2 ogres
  3 boggarts (Vaults:2)
  A crocodile (Lair:2)
  An orc wizard (Orc:1)
  An iron imp (Depths:1)
  2 orcs
  A plant (Shoals:4)
139 creatures vanquished.

Vanquished Creatures (others)
  A golden dragon (Zot:4)
  2 deep elf master archers (Elf:3)
  A death cob (Zot:5)
  A storm dragon (Zot:3)
  A fire giant (shapeshifter) (Depths:2)
  A draconian knight (Zot:4)
  A fire giant (Depths:2)
  A draconian annihilator (Zot:3)
  5 stone giants
  Nessos (Lair:5)
  An ettin (Depths:4)
  A fire dragon (Vaults:3)
  7 yaktaur captains
  A death knight (Vaults:3)
  4 centaur warriors
  2 satyrs
  A tengu warrior (D:13)
  Sonja (Lair:6)
  8 naga sharpshooters (Snake:4)
  2 deep elf knights
  A salamander mystic (Snake:4)
  A deep troll (Vaults:3)
  A naga ritualist (Snake:4)
  6 deep elf archers
  An ironbrand convoker (Vaults:5)
  An orc knight (Vaults:4)
  A cyclops (D:11)
  A deep elf mage (Elf:3)
  A manticore (Lair:6)
  A faun (Shoals:1)
  A salamander (Snake:4)
  A vault sentinel (Vaults:5)
  A naga mage (Snake:4)
  A water nymph (Shoals:3)
  25 yaktaurs
  A hornet (Lair:6)
  A spriggan (Depths:4)
  A naga (Snake:4)
  7 centaurs
  An orc wizard (Vaults:3)
  4 orcs
  A kobold (D:13)
  A bush (Lair:6)
  16 fungi
  9 plants
  5 starspawn tentacles (Abyss:2)
134 creatures vanquished.

Grand Total: 2598 creatures vanquished

Notes
Turn   | Place    | Note
-------+----------+-------------------------------------------
     0 | D:1      | Insin the Deep Dwarf Fighter began the quest for the Orb.
     0 | D:1      | Reached XP level 1. HP: 20/20 MP: 1/1
   111 | D:1      | Reached XP level 2. HP: 21/27 MP: 2/2
   173 | D:1      | Reached skill level 3 in Fighting
   658 | D:1      | Reached XP level 3. HP: 18/34 MP: 3/3
  1080 | D:2      | Reached XP level 4. HP: 21/42 MP: 4/4
  1171 | D:2      | Found an ornate altar of the Wu Jian Council.
  1251 | D:2      | Found a burning altar of Makhleb.
  1251 | D:2      | Noticed a balrug
  1255 | D:2      | Noticed a neqoxec
  1255 | D:2      | Noticed a hellwing
  1257 | D:2      | Became a worshipper of Makhleb the Destroyer
  1396 | D:2      | Found an iron altar of Okawaru.
  1803 | D:2      | Reached XP level 5. HP: 21/49 MP: 5/5
  2034 | D:3      | Reached skill level 1 in Dodging
  2288 | D:3      | Reached * piety under Makhleb
  2505 | D:3      | Found a basalt altar of Yredelemnul.
  2787 | D:4      | Reached skill level 5 in Axes
  2872 | D:4      | Reached XP level 6. HP: 55/56 MP: 5/5
  3108 | D:4      | Reached skill level 5 in Shields
  3135 | D:4      | Reached ** piety under Makhleb
  3135 | D:4      | Reached XP level 7. HP: 63/63 MP: 6/6
  3673 | D:5      | Entered Level 5 of the Dungeon
  3752 | D:5      | Reached skill level 5 in Armour
  3796 | D:5      | Got a translucent chain mail
  3807 | D:5      | Identified the +7 chain mail of the Present {rC+} (You
                  | found it on level 5 of the Dungeon)
  3812 | D:5      | Noticed Edmund
  3835 | D:5      | Killed Edmund
  3835 | D:5      | Reached XP level 8. HP: 64/72 MP: 7/7
  3909 | D:5      | Reached skill level 4 in Fighting
  4111 | D:5      | Noticed Menkaure
  4118 | D:5      | Killed Menkaure
  4183 | D:5      | Noticed Pikel
  4201 | D:5      | Killed Pikel
  4387 | D:5      | Noticed Eustachio
  4414 | D:5      | Killed Eustachio
  4414 | D:5      | Gained mutation: You passively map the area around you.
                  | [Deep Dwarf growth]
  4414 | D:5      | Reached XP level 9. HP: 79/79 MP: 8/8
  4641 | D:6      | Reached *** piety under Makhleb
  4905 | D:6      | Reached skill level 5 in Fighting
  5079 | D:6      | Found a staircase to the Ecumenical Temple.
  5298 | D:7      | Reached skill level 10 in Axes
  5331 | D:7      | Found Ceratitt's Food Shop.
  5452 | D:7      | Found Acyzez's Armour Shoppe.
  5652 | D:7      | Found Duenom's Assorted Antiques.
  5819 | D:7      | Found Alodoi's Antique Armour Shop.
  5822 | D:7      | Bought a runed tower shield for 232 gold pieces
  6139 | D:8      | Reached skill level 1 in Stealth
  6183 | D:8      | Reached XP level 10. HP: 77/91 MP: 9/9
  6448 | D:8      | Reached **** piety under Makhleb
  6475 | D:8      | Reached skill level 6 in Fighting
  6893 | D:9      | Found a sparkling altar of Nemelex Xobeh.
  6976 | D:9      | Found a staircase to the Lair.
  7381 | D:9      | Noticed Grum
  7403 | D:9      | Killed Grum
  7443 | D:9      | Found a flagged portal.
  7452 | Bailey   | Entered a bailey
  7473 | Bailey   | Reached ***** piety under Makhleb
  7598 | Bailey   | Noticed an orc knight
  7598 | Bailey   | Noticed an orc knight
  7643 | Bailey   | Killed an orc knight
  7696 | Bailey   | Noticed an orc knight
  7714 | Bailey   | Reached skill level 1 in Evocations
  7746 | Bailey   | Noticed an orc knight
  7785 | Bailey   | Killed an orc knight
  7790 | Bailey   | Killed an orc knight
  7790 | Bailey   | Reached XP level 11. HP: 90/99 MP: 8/8
  7818 | Bailey   | Killed an orc knight
  7818 | Bailey   | Reached skill level 10 in Shields
  7861 | Bailey   | Identified a scroll of acquirement
  7861 | Bailey   | Identified the +3 kite shield of Loric {-Tele rElec MR+
                  | rCorr} (You acquired it in a bailey)
  8159 | D:7      | Bought the +27 Lear's hauberk for 1821 gold pieces
  8159 | D:7      | Found the +27 Lear's hauberk
  8251 | Lair:1   | Entered Level 1 of the Lair of Beasts
  8274 | Lair:1   | Reached skill level 1 in Invocations
  8576 | Lair:1   | Identified a +0 pair of boots of running (You acquired it
                  | on level 1 of the Lair of Beasts)
  8803 | Lair:1   | Reached skill level 7 in Fighting
  8890 | Lair:1   | Found a dark tunnel.
  8899 | Volcano  | Entered a volcano
  8913 | Volcano  | Gained mutation: You are partially covered in thin metallic
                  | scales. (AC +2) [potion of mutation]
  8913 | Volcano  | Gained mutation: You have a pair of small horns on your
                  | head. [potion of mutation]
  8913 | Volcano  | Gained mutation: You have supernaturally acute eyesight.
                  | (SInv) [potion of mutation]
  8913 | Volcano  | Gained mutation: You are resistant to electric shocks.
                  | (rElec) [potion of mutation]
  8957 | Volcano  | Noticed a lindwurm
  8957 | Volcano  | Noticed a lindwurm
  9108 | Lair:1   | Reached skill level 1 in Throwing
  9108 | Lair:1   | Reached skill level 10 in Armour
  9108 | Lair:1   | Reached skill level 1 in Unarmed Combat
  9108 | Lair:1   | Reached skill level 1 in Spellcasting
  9108 | Lair:1   | Reached XP level 12. HP: 97/109 MP: 6/8
  9720 | Lair:2   | Reached XP level 13. HP: 117/117 MP: 9/9
  9735 | Lair:2   | Reached skill level 8 in Fighting
  9934 | Lair:2   | Found a gate leading to a gauntlet.
  9962 | Gauntlet | Entered a Gauntlet
  9962 | Gauntlet | Found a transporter.
  9973 | Gauntlet | Found a transporter.
  9991 | Gauntlet | Found a transporter.
  9999 | Gauntlet | Found a transporter.
 10017 | Gauntlet | Found a transporter.
 10037 | Gauntlet | Found a transporter.
 10049 | Gauntlet | Found a transporter.
 10058 | Gauntlet | Found a transporter.
 10069 | Gauntlet | Found a large runed translucent door.
 10070 | Gauntlet | Found a large runed translucent door.
 10071 | Gauntlet | Found a large runed translucent door.
 10071 | Gauntlet | Found a large runed translucent door.
 10072 | Gauntlet | Found a runed translucent gate.
 10073 | Gauntlet | Found a transporter.
 10073 | Gauntlet | Found a runed translucent gate.
 10074 | Gauntlet | Found a runed translucent gate.
 10075 | Gauntlet | Found a large runed translucent door.
 10075 | Gauntlet | Found a large runed translucent door.
 10076 | Gauntlet | Found a large runed translucent door.
 10077 | Gauntlet | Found a large runed translucent door.
 10085 | Gauntlet | Found a transporter.
 10103 | Gauntlet | Found a transporter.
 10120 | Gauntlet | Found a large runed translucent door.
 10121 | Gauntlet | Found a large runed translucent door.
 10122 | Gauntlet | Found a large runed translucent door.
 10122 | Gauntlet | Found a large runed translucent door.
 10124 | Gauntlet | Found a runed translucent door.
 10125 | Gauntlet | Found a transporter.
 10126 | Gauntlet | Found a runed translucent door.
 10127 | Gauntlet | Found a large runed translucent door.
 10127 | Gauntlet | Found a large runed translucent door.
 10127 | Gauntlet | Found a transporter.
 10128 | Gauntlet | Found a large runed translucent door.
 10129 | Gauntlet | Found a large runed translucent door.
 10163 | Gauntlet | Found a transporter.
 10165 | Gauntlet | Found a transporter.
 10165 | Gauntlet | Found a transporter.
 10184 | Gauntlet | Found a transporter.
 10208 | Gauntlet | Found a transporter.
 10334 | Gauntlet | Got a bound marble ring
 10336 | Gauntlet | Identified the Reference Book on Dusty Moulding
 10348 | Gauntlet | Identified the ring "Onaon" {rF++ rC+ Int-2 Dex+7} (You
                  | found it in a Gauntlet)
 10382 | Gauntlet | Identified the ring of Red Wine {+Inv rC- Int+2 Dex+3
                  | Stlth+}
 10382 | Gauntlet | Noticed a minotaur
 10395 | Gauntlet | Killed a minotaur
 10395 | Gauntlet | Reached skill level 5 in Dodging
 10440 | Gauntlet | Identified the Papyrus of the Oath
 10442 | Gauntlet | Got a crystal bardiche
 10442 | Gauntlet | Got an ichor-stained scale mail
 10448 | Gauntlet | Identified the +9 bardiche "Gigoq" {vamp, rF+ Str+3 Dex+3}
                  | (You found it in a Gauntlet)
 10459 | Gauntlet | Identified the +0 scale mail of Kuuror {+Inv Str+3} (You
                  | found it in a Gauntlet)
 10483 | Lair:2   | Identified the ring of Zisacve {rC+ rCorr} (You acquired it
                  | on level 2 of the Lair of Beasts)
 10667 | Lair:2   | Noticed Prince Ribbit
 10682 | Lair:2   | Killed Prince Ribbit
 11643 | Lair:3   | Found a staircase to the Snake Pit.
 11951 | Lair:3   | Found a staircase to the Shoals.
 12528 | Lair:4   | Got a spiked ring mail
 12529 | Lair:4   | Identified the +4 ring mail of Yme Xac {-Cast Str+3 Int+3
                  | Slay+5} (You found it on level 4 of the Lair of Beasts)
 13153 | Lair:4   | Identified a +1 pair of boots of running (You found it on
                  | level 4 of the Lair of Beasts)
 13331 | Lair:5   | Noticed Rupert
 13338 | Lair:5   | Reached skill level 15 in Axes
 13362 | Lair:5   | Killed Rupert
 13788 | Lair:5   | Noticed Nessos
 13792 | Lair:5   | Killed Nessos
 13792 | Lair:5   | Gained mutation: You resist negative energy. (rN+) [Deep
                  | Dwarf growth]
 13792 | Lair:5   | Reached XP level 14. HP: 123/127 MP: 10/10
 13809 | Lair:6   | Entered Level 6 of the Lair of Beasts
 13838 | Lair:6   | Found a staircase to the Slime Pits.
 13839 | Lair:6   | Found a viscous altar of Jiyva.
 13887 | Lair:6   | Reached skill level 9 in Fighting
 14058 | Lair:6   | Reached ****** piety under Makhleb
 14125 | Lair:6   | Reached skill level 15 in Shields
 14149 | Lair:6   | Noticed Sonja
 14177 | Lair:6   | Killed Sonja
 14793 | Lair:6   | Reached skill level 5 in Invocations
 15114 | Snake:1  | Entered Level 1 of the Snake Pit
 15283 | Snake:1  | Found a blossoming altar of Fedhas.
 16041 | Snake:2  | Found Hemabup's Gadget Emporium.
 16044 | Snake:2  | Found Gajij's Jewellery Boutique.
 16045 | Snake:2  | Found Byfiwo's Gadget Emporium.
 16110 | Snake:2  | Reached XP level 15. HP: 136/136 MP: 0/14
 16239 | Snake:2  | Identified the ring "Caot Ure" {Wiz rF- rN+ Dex+2} (You
                  | acquired it on level 2 of the Snake Pit)
 16240 | Snake:2  | Found the +3 pair of gauntlets of War {Slay+5}
 16260 | Snake:2  | Found Mumel's Mayhem Merchandise.
 16264 | Snake:2  | Noticed Agnes
 16287 | Snake:2  | Killed Agnes
 16871 | Snake:3  | Noticed a nagaraja
 16888 | Snake:3  | Killed a nagaraja
 16922 | Snake:3  | Reached skill level 15 in Armour
 18119 | Snake:4  | Entered Level 4 of the Snake Pit
 18213 | Snake:4  | Noticed Vashnia
 18330 | Snake:4  | Found Anumoecw's Jewellery Shop.
 18332 | Snake:4  | Killed Vashnia
 18332 | Snake:4  | Reached skill level 10 in Fighting
 18379 | Snake:4  | Found Jeejemu's Distillery.
 18383 | Snake:4  | Found Yfuung's Distillery.
 18409 | Snake:4  | Found Viek Dio's Weapon Shop.
 18412 | Snake:4  | Bought a potion of cancellation for 112 gold pieces
 18450 | Snake:4  | Bought a potion of heal wounds for 70 gold pieces
 18450 | Snake:4  | Bought a potion of heal wounds for 70 gold pieces
 18450 | Snake:4  | Bought a potion of heal wounds for 70 gold pieces
 18578 | Snake:4  | Reached XP level 16. HP: 140/146 MP: 0/16
 19302 | Snake:4  | Reached skill level 10 in Invocations
 19303 | Snake:4  | Noticed an Executioner
 19743 | Snake:4  | Got a serpentine rune of Zot
 19961 | Shoals:1 | Entered Level 1 of the Shoals
 20131 | Shoals:1 | Reached XP level 17. HP: 150/154 MP: 0/18
 20648 | Snake:4  | Bought the ring "Baclos" {MR+ Str+2 Int+4 Stlth+} for 896
                  | gold pieces
 21019 | Shoals:2 | Noticed Frances
 21033 | Shoals:2 | Killed Frances
 21186 | Shoals:3 | Found a transporter.
 21319 | Shoals:3 | Reached skill level 11 in Fighting
 21377 | Shoals:3 | Got a shimmering ivory ring
 21387 | Shoals:3 | Identified the ring of Attitude {rElec rF+ Str+5 Int+4
                  | Stlth+} (You found it on level 3 of the Shoals)
 21959 | Shoals:4 | Entered Level 4 of the Shoals
 22111 | Shoals:4 | Found Beeguhio's Assorted Antiques.
 22220 | Shoals:4 | Bought a scroll of enchant weapon for 270 gold pieces
 22220 | Shoals:4 | Bought a scroll of identify for 72 gold pieces
 22726 | Shoals:4 | Got a clouded jade ring
 22727 | Shoals:4 | Identified the ring of Suspicion {Str+4 Int+2 Dex+5 SInv}
                  | (You found it on level 4 of the Shoals)
 22845 | Shoals:4 | Got a barnacled rune of Zot
 23302 | D:9      | Found a glowing silver altar of Zin.
 23413 | D:10     | Entered Level 10 of the Dungeon
 23618 | D:10     | Found Tiasmut's Food Emporium.
 23788 | D:10     | Found a staircase to the Orcish Mines.
 24127 | Orc:1    | Entered Level 1 of the Orcish Mines
 24132 | Orc:1    | Noticed Erolcha
 24133 | Orc:1    | Noticed Erica
 24144 | Orc:1    | Killed Erolcha
 24149 | Orc:1    | Killed Erica
 24352 | Orc:1    | Noticed kMk's ghost (journeyman DrIE)
 24355 | Orc:1    | Identified the cursed +3 dire flail of the Firefly {chaos,
                  | rF+ Dex+7}
 24399 | Orc:1    | Found a transporter.
 24404 | Orc:1    | Found a transporter.
 24464 | Orc:1    | Killed kMk's ghost
 24619 | Orc:1    | Noticed Fannar
 24632 | Orc:1    | Killed Fannar
 24993 | Orc:2    | Entered Level 2 of the Orcish Mines
 25061 | Orc:2    | Found a staircase to the Elven Halls.
 25417 | Orc:2    | Found Weoxt's General Store.
 25417 | Orc:2    | Found Ytaol's Antique Armour Shoppe.
 25417 | Orc:2    | Found Ecwov's Jewellery Shoppe.
 25417 | Orc:2    | Found Ygofoogh's Antique Weapon Emporium.
 25457 | Orc:2    | Bought an ivory broad axe for 306 gold pieces
 25457 | Orc:2    | Identified the +8 broad axe of Odinleh {protect, rElec
                  | Dex+3} (You bought it in a shop on level 2 of the Orcish
                  | Mines)
 25874 | Elf:1    | Entered Level 1 of the Elven Halls
 25905 | Elf:1    | Gained mutation: You passively map a large area around you.
                  | [Deep Dwarf growth]
 25905 | Elf:1    | Reached XP level 18. HP: 166/166 MP: 19/19
 25954 | Elf:1    | Noticed Jorgrun
 25975 | Elf:1    | Killed Jorgrun
 26184 | Elf:1    | Reached skill level 12 in Fighting
 26214 | Elf:1    | Noticed Louise
 26240 | Elf:1    | Killed Louise
 26953 | Elf:2    | Found a magical portal.
 27040 | Elf:2    | Cast into level 2 of the Abyss (+3 dire flail of
                  | distortion)
 27510 | Elf:2    | Escaped the Abyss
 28489 | Elf:2    | Found a huge runed translucent gate.
 28489 | Elf:2    | Found a huge runed translucent gate.
 28504 | Elf:2    | Found a huge runed translucent gate.
 28506 | Elf:2    | Found a huge runed translucent gate.
 28506 | Elf:2    | Found a huge runed translucent gate.
 28714 | Elf:2    | Reached XP level 19. HP: 173/177 MP: 21/21
 28775 | Elf:2    | Reached skill level 13 in Fighting
 29092 | Elf:3    | Entered Level 3 of the Elven Halls
 29096 | Elf:3    | Found Haexiedgh's Assorted Antiques.
 29396 | Elf:3    | Found a shimmering altar of Xom.
 29549 | Elf:3    | Noticed a Tzitzimitl
 29705 | Elf:3    | Found the amulet of Vitality {Regen+ HP+15}
 29772 | Elf:3    | Identified Sif Muna's Grimoire of the Congealing Entourage
 29792 | Elf:3    | Identified the +7 scale mail "Qebb" {rElec rC++ Str-2}
 29849 | Elf:3    | Identified the Grimoire of Flying Displacement
 29858 | Elf:3    | Identified the +0 battleaxe "Lulless" {freeze, rElec Int+4}
                  | (You found it on level 3 of the Elven Halls)
 31531 | D:11     | Noticed Nergalle
 31540 | D:11     | Killed Nergalle
 32659 | D:12     | Found a transporter.
 32660 | D:12     | Noticed Ycsan's ghost (journeyman CeIE)
 32688 | D:12     | Found a transporter.
 32700 | D:12     | Gained mutation: You are clumsy. (Dex -2) [a neqoxec]
 32708 | D:12     | Killed Ycsan's ghost
 32712 | D:12     | Gained mutation: Your spells are a little easier to cast,
                  | but a little less powerful. [a neqoxec]
 34109 | D:13     | Found a gate to the Vaults.
 34122 | Vaults:1 | Entered Level 1 of the Vaults
 34318 | Vaults:1 | Reached XP level 20. HP: 189/189 MP: 23/23
 34544 | Vaults:1 | Reached skill level 14 in Fighting
 34640 | Vaults:1 | Got a jewelled war axe
 34641 | Vaults:1 | Identified the +9 war axe of Earthquakes {chaos, rF- Str+7}
                  | (You found it on level 1 of the Vaults)
 35896 | Vaults:2 | Reached skill level 15 in Invocations
 35924 | Vaults:2 | Noticed Mennas
 35936 | Vaults:2 | Killed Mennas
 36504 | Vaults:2 | Found a runed translucent gate.
 36504 | Vaults:2 | Found a runed translucent gate.
 36504 | Vaults:2 | Found a runed translucent gate.
 36507 | Vaults:2 | Noticed Geloitur's ghost (veteran SpEE)
 36516 | Vaults:2 | Found an iron altar of Okawaru.
 36528 | Vaults:2 | Killed Geloitur's ghost
 36548 | Vaults:2 | Got a pitted helmet
 36550 | Vaults:2 | Got a steaming broad axe
 36551 | Vaults:2 | Identified the +7 broad axe of True Grit {freeze, Str+4
                  | Int+3} (You found it on level 2 of the Vaults)
 36562 | Vaults:2 | Got a transparent copper ring
 36564 | Vaults:2 | Identified the ring "Olliumun" {+Fly rC+ MP+9 Dex+4} (You
                  | found it on level 2 of the Vaults)
 37411 | Vaults:3 | Found a staircase to the Crypt.
 37660 | Vaults:3 | Reached XP level 21. HP: 200/200 MP: 25/25
 37823 | Vaults:3 | Reached skill level 15 in Fighting
 39473 | Vaults:4 | Noticed Margery
 39492 | Vaults:4 | Killed Margery
 39747 | Vaults:4 | Reached XP level 22. HP: 212/212 MP: 26/26
 40052 | Vaults:4 | Found a large runed translucent door.
 40053 | Vaults:4 | Found a large runed translucent door.
 40053 | Vaults:4 | Noticed Glorfindel's ghost (adept TeAE)
 40064 | Vaults:4 | Killed Glorfindel's ghost
 40333 | Vaults:5 | Entered Level 5 of the Vaults
 40349 | Vaults:5 | Reached skill level 16 in Fighting
 40648 | Vaults:5 | Got a silver rune of Zot
 41217 | Vaults:5 | Reached XP level 23. HP: 223/223 MP: 27/27
 41684 | Vaults:5 | Identified Kewipter's Incunabulum of the Volcanoes and
                  | Hexes
 42661 | Crypt:1  | Entered Level 1 of the Crypt
 42696 | Crypt:1  | Reached skill level 17 in Fighting
 43667 | D:15     | Entered Level 15 of the Dungeon
 43742 | D:15     | Found a runed translucent door.
 43799 | D:15     | Noticed Vofuim's ghost (journeyman DDFi)
 43819 | D:15     | Killed Vofuim's ghost
 44617 | D:15     | Found a staircase to the Depths.
 44647 | Depths:1 | Entered Level 1 of the Depths
 44698 | Depths:1 | Found a gateway to a ziggurat.
 45056 | Depths:1 | Found a gateway to Hell.
 45200 | Depths:1 | Found Kuewit's Food Shop.
 45261 | Depths:1 | Noticed Aizul
 45276 | Depths:1 | Killed Aizul
 45463 | Depths:1 | Found a one-way gate to the infinite horrors of the Abyss.
 45622 | Depths:1 | Found a one-way gate leading to the halls of Pandemonium.
 45769 | Depths:2 | Reached skill level 18 in Fighting
 45833 | Depths:2 | Found a portal to a secret trove of treasure.
 45837 | Depths:2 | You paid a toll of 3 potions of resistance to enter a
                  | treasure trove
 45838 | Trove    | Entered a treasure trove
 45842 | Trove    | Found the +8 arc blade {discharge, rElec}
 45887 | Trove    | Got a pitted broad axe
 45888 | Trove    | Identified the +5 broad axe "Ajonluna" {vorpal, Int+2} (You
                  | found it in a treasure trove)
 46128 | Depths:2 | Noticed a caustic shrike
 46182 | Depths:2 | Killed a caustic shrike
 46601 | Depths:2 | You fall into a shaft and drop 2 floors!
 46682 | Depths:4 | Reached XP level 24. HP: 227/238 MP: 20/20
 46942 | Depths:2 | Found Zeejulae's Distillery.
 47103 | Depths:2 | Found Tutaa's Weapon Emporium.
 47689 | Depths:2 | Reached skill level 19 in Fighting
 48054 | Depths:2 | Got a heavily runed ring mail
 48056 | Depths:2 | Got a scorched scale mail
 48069 | Depths:2 | Identified the +5 ring mail "Lozel" {+Blink} (You found it
                  | on level 2 of the Depths)
 48079 | Depths:2 | Identified the +2 scale mail "Gyichug" {rF++ rN+ Dex-3}
                  | (You found it on level 2 of the Depths)
 48755 | Depths:3 | Noticed Jory
 48776 | Depths:3 | Killed Jory
 49206 | Depths:3 | Reached skill level 20 in Fighting
 49328 | Depths:3 | Noticed a juggernaut
 49351 | Depths:3 | Killed a juggernaut
 49436 | Depths:3 | Reached XP level 25. HP: 255/255 MP: 11/20
 49492 | Depths:3 | Reached skill level 21 in Fighting
 50298 | Depths:4 | Found a runed translucent door.
 50298 | Depths:4 | Found a runed translucent door.
 50301 | Depths:4 | Found a runed translucent door.
 50781 | Depths:4 | Noticed the Enchantress
 50813 | Depths:4 | Killed the Enchantress
 50845 | Depths:4 | Reached skill level 22 in Fighting
 51031 | Depths:5 | Entered Level 5 of the Depths
 51134 | Depths:5 | Found Jism's Assorted Antiques.
 51153 | Depths:5 | Found Juysocw's Antique Weapon Shop.
 51153 | Depths:5 | Found Pieho's Antique Armour Boutique.
 51156 | Depths:5 | Found Guexuog's Book Shop.
 51434 | Depths:5 | Found a gate to the Realm of Zot.
 52182 | Zot:1    | Entered Level 1 of the Realm of Zot
 52319 | Zot:1    | Reached XP level 26. HP: 272/272 MP: 20/20
 52517 | Zot:1    | Noticed an orb of fire
 52528 | Zot:1    | Reached skill level 23 in Fighting
 52544 | Zot:1    | Gained mutation: You are very clumsy. (Dex -4) [an orb of
                  | fire]
 52546 | Zot:1    | Killed an orb of fire
 53417 | Zot:3    | Reached skill level 24 in Fighting
 54787 | Zot:4    | Reached XP level 27. HP: 156/288 MP: 0/11
 54818 | Zot:4    | Reached skill level 25 in Fighting
 55326 | Zot:5    | Entered Level 5 of the Realm of Zot
 55699 | Zot:5    | Noticed an ancient lich
 55715 | Zot:5    | Killed an ancient lich
 55754 | Zot:5    | Reached skill level 26 in Fighting
 55773 | Zot:5    | Noticed an orb of fire
 55775 | Zot:5    | Noticed an orb of fire
 55777 | Zot:5    | Gained mutation: You occasionally shout uncontrollably at
                  | your foes. [an orb of fire]
 55781 | Zot:5    | Lost mutation: You have supernaturally acute eyesight.
                  | (SInv) [an orb of fire]
 55785 | Zot:5    | Gained mutation: Scrolls take you a little longer to read.
                  | [an orb of fire]
 55787 | Zot:5    | Gained mutation: Scrolls take you longer to read. [an orb
                  | of fire]
 55790 | Zot:5    | Killed an orb of fire
 55795 | Zot:5    | Gained mutation: You are dopey. (Int -2) [an orb of fire]
 55798 | Zot:5    | Gained mutation: Your body sometimes deteriorates upon
                  | taking damage. [an orb of fire]
 55801 | Zot:5    | Killed an orb of fire
 55837 | Zot:5    | Noticed a juggernaut
 55837 | Zot:5    | a Killer Klown changed into a juggernaut
 55851 | Zot:5    | Killed a juggernaut
 56350 | Zot:5    | Noticed an ancient lich
 56350 | Zot:5    | Noticed an orb of fire
 56350 | Zot:5    | Noticed an ancient lich
 56350 | Zot:5    | Noticed an orb of fire
 56351 | Zot:5    | Noticed an orb of fire
 56354 | Zot:5    | Noticed an orb of fire
 56358 | Zot:5    | Gained mutation: Your spells are easier to cast, but less
                  | powerful. [an orb of fire]
 56360 | Zot:5    | Gained mutation: You are very dopey. (Int -4) [an orb of
                  | fire]
 56360 | Zot:5    | Gained mutation: You are occasionally teleported next to
                  | monsters. [an orb of fire]
 56364 | Zot:5    | Gained mutation: Your body often deteriorates upon taking
                  | damage. [an orb of fire]
 56364 | Zot:5    | Noticed an ancient lich
 56365 | Zot:5    | Gained mutation: Scrolls take you much longer to read. [an
                  | orb of fire]
 56367 | Zot:5    | Killed an ancient lich
 56369 | Zot:5    | Gained mutation: You are frail. (-10% HP) [an orb of fire]
 56370 | Zot:5    | Killed an ancient lich
 56373 | Zot:5    | Gained mutation: Your spells are much easier to cast, but
                  | much less powerful. [an orb of fire]
 56376 | Zot:5    | Gained mutation: You are weak. (Str -2) [an orb of fire]
 56377 | Zot:5    | Lost mutation: You are weak. (Str -2) [an orb of fire]
 56378 | Zot:5    | Gained mutation: You are very frail. (-20% HP) [an orb of
                  | fire]
 56380 | Zot:5    | Killed an orb of fire
 56380 | Zot:5    | Reached skill level 27 in Fighting
 56380 | Zot:5    | Gained mutation: You are extremely frail. (-30% HP) [an orb
                  | of fire]
 56383 | Zot:5    | Gained mutation: Your magical capacity is low. (-10% MP)
                  | [an orb of fire]
 56387 | Zot:5    | Gained mutation: You sometimes yell uncontrollably at your
                  | foes. [an orb of fire]
 56388 | Zot:5    | Gained mutation: You tend to lose your temper in combat.
                  | [an orb of fire]
 56390 | Zot:5    | Gained mutation: You often lose your temper in combat. [an
                  | orb of fire]
 56391 | Zot:5    | Killed an ancient lich
 56391 | Zot:5    | Gained mutation: Armour fits poorly on your strangely
                  | shaped body. [an orb of fire]
 56394 | Zot:5    | Gained mutation: You are weak. (Str -2) [an orb of fire]
 56396 | Zot:5    | Killed an orb of fire
 56411 | Zot:5    | Killed an orb of fire
 56413 | Zot:5    | Gained mutation: You are very weak. (Str -4) [an orb of
                  | fire]
 56421 | Zot:5    | Gained mutation: Your magical capacity is very low. (-20%
                  | MP) [an orb of fire]
 56430 | Zot:5    | Killed an orb of fire
 59538 | Zot:5    | Lost mutation: Scrolls take you much longer to read.
                  | [potion of mutation]
 59538 | Zot:5    | Lost mutation: You often lose your temper in combat.
                  | [potion of mutation]
 59538 | Zot:5    | Lost mutation: Your body often deteriorates upon taking
                  | damage. [potion of mutation]
 59538 | Zot:5    | Lost mutation: You tend to lose your temper in combat.
                  | [potion of mutation]
 59538 | Zot:5    | Gained mutation: You evolve. [potion of mutation]
 59539 | Zot:5    | Lost mutation: Your magical capacity is very low. (-20% MP)
                  | [potion of mutation]
 59539 | Zot:5    | Lost mutation: Your body sometimes deteriorates upon taking
                  | damage. [potion of mutation]
 59539 | Zot:5    | Lost mutation: You have a pair of small horns on your head.
                  | [potion of mutation]
 59539 | Zot:5    | Gained mutation: You have a somewhat thin skeletal
                  | structure. (Dex +2, Stealth) [potion of mutation]
 59540 | Zot:5    | Lost mutation: Scrolls take you longer to read. [potion of
                  | mutation]
 59540 | Zot:5    | Lost mutation: You are very clumsy. (Dex -4) [potion of
                  | mutation]
 59540 | Zot:5    | Lost mutation: Armour fits poorly on your strangely shaped
                  | body. [potion of mutation]
 59540 | Zot:5    | Gained mutation: You expend magic power (3 MP) to
                  | strengthen your wands. [potion of mutation]
 59743 | Zot:5    | Gained mutation: Your flesh is cold resistant. (rC+)
                  | [evolution]
 59827 | Zot:5    | Got the Orb of Zot
 59926 | Zot:2    | Noticed Beef the pandemonium lord
 60041 | Zot:1    | Killed from afar by a Hell Sentinel

Levels and vault maps discovered:
D:1:      dpeg_arrival_round_b, layout_loops_cross, minmay_ruptured
D:2:      layout_basic, okawaru_ov_weapons_minmay,
          nicolae_overflow_crystal_walls, makhleb_altar_promises_db
D:3:      layout_basic, yredelemnul_forgotten_temple_becter
D:4:      layout_basic, first_ration, grunt_ministairs_2
D:5:      layout_loops_ring, st_stairs_9, uniq_edmund, uniq_menkaure,
          uniq_eustachio, uniq_pikel
D:6:      layout_cave_pools, temple_statues
D:7:      layout_cave_pools, serial_shops, shop_statue, shop,
          nicolae_shop_behind_doors, shop, grunt_decor_one_mirror
D:8:      layout_basic
D:9:      layout_loops_cross, nemelex_xobeh_ov_fountains_minmay,
          kennysheep_mini, due_lair_maze_entry_diamond, enter_bailey_3,
          uniq_grum
D:10:     layout_stronghold, david_orc_2, serial_shops, kennysheep_little_box,
          kennysheep_generic_room_12
D:11:     layout_roguey, uniq_nergalle
D:12:     layout_loops_corners, gammafunk_ghost_stat_death, grunt_ogre_cave,
          minmay_misc_feat_encased, kennysheep_generic_room_2
D:13:     layout_long_grid, david_vaults_4, special_room [special_room_bee],
          chequers_serial_rivers_room_b, nrook_campfire
D:14:     minmay_bloctagon_deflated, layout_cave_pools, minivault_19
D:15:     grunt_enter_depths_magical_seal, layout_basic,
          ebering_ghost_reflecting_pool, dk_noncrumbling_4
Lair:1:   layout_hall_layers, enter_volcano_3, beast_lair_carwin_4,
          serial_bayou_shore_b, serial_bayou_shore_b
Lair:2:   layout_cave_pods, gauntlet_entry_generic, beast_lair_carwin_11,
          uniq_prince_ribbit2
Lair:3:   layout_hall_layers, elwin_shoals_entry_rooms,
          guppyfry_snake_entry_island
Lair:4:   layout_loops_ring, chequers_serial_rivers_micro_b,
          eino_house_with_fridge
Lair:5:   layout_gridlike, st_stairs_3, grunt_megastairs_2, uniq_nessos,
          uniq_rupert
Lair:6:   gammafunk_lair_ancient_temple, layout_cave_pods, slime_altar_1,
          uniq_sonja
Shoals:1: layout_shoals, argonaut_gorgonesque
Shoals:2: layout_shoals, uniq_kirke, uniq_frances, uniq_polyphemus
Shoals:3: gammafunk_the_bubble [the_bubble_gammafunk_split], layout_shoals
Shoals:4: shoals_end_simple, layout_shoals, serial_shops,
          nicolae_shop_temple_entry_statues_fountains
Snake:1:  layout_cave_shapes, basic_altar
Snake:2:  layout_gridlike, minmay_shop_mayhem, minmay_shop_grove, uniq_agnes
Snake:3:  layout_chambers
Snake:4:  snake_pit_salamanders_mu, layout_rooms, minmay_shop_grid_forest,
          uniq_vashnia
Orc:1:    layout_caves, gammafunk_ghost_smash, serial_shops, uniq_erolcha,
          uniq_erica, uniq_fannar
Orc:2:    st_orc_congregation, layout_caves
Elf:1:    layout_gridlike, hangedman_corner_corridor, uniq_jorgrun, uniq_louise
Elf:2:    layout_geoelf_octagon, mu_enter_wizlab_1
Elf:3:    minmay_elf_hall_quartered_circle, layout_geoelf_castle, basic_altar,
          serial_shops, nicolae_shop_overgrown_old_shop
Vaults:1: v_misc_16, ontoclasm_vaults_twist, vaults_room_large_hall,
          vaults_room_pools, layout_vaults_quadrants
Vaults:2: gammafunk_vaults_ghost_fury_of_okawaru, vaults_room_pools, v_rooms_4,
          nicolae_vaults_little_squares_3, vaults_mumra_chevron,
          nicolae_vaults_diagonal_hallway_9, vaults_room_stairs_pillars,
          nicolae_vaults_border_crossing, layout_vaults_big_room, uniq_mennas
Vaults:3: hangedman_vaults_hard_town_square, vaults_room_fancy_cross,
          nicolae_vaults_yaktaur_gun_rack, minmay_crypt_entry_simple_sparse,
          ontoclasm_vaults_gateway, nicolae_vaults_angled_halls,
          vaults_mumra_hex, v_misc_18, v_misc_32, nicolae_vaults_theta,
          nicolae_vaults_network_periphery, vaults_room_stairs_pillars,
          vaults_room_corners, layout_vaults_omnicross
Vaults:4: ebering_vaults_ghost_disaster_area, nicolae_vaults_network_quincunx
          [nicolae_vaults_network_quincunx_subvault,
          nicolae_vaults_network_quincunx_subvault,
          nicolae_vaults_network_quincunx_subvault,
          nicolae_vaults_network_quincunx_subvault,
          nicolae_vaults_network_quincunx_subvault], v_pattern_2,
          vaults_room_door_ring, ontoclasm_vaults_bender, grunt_vaults_twisty,
          v_alt_pattern_1, vaults_mumra_hexcomb, v_misc_9, v_rooms_3,
          vaults_dpeg_encased_lava, vaults_dpeg_ring, layout_vaults_omnibox,
          uniq_margery
Vaults:5
Crypt:1:  layout_rooms
Depths:1: layout_basic, enter_ziggurat_b, hell_entry, serial_shops,
          nicolae_shop_statue_plus, grunt_pan_entry_sceptre, abyss_entry,
          minmay_holes, minmay_misc_feat_nine_boxes, kennysheep_generic_room_8,
          uniq_aizul
Depths:2: little_maze_vault, layout_cave_pools, serial_shops, bzr_entry_safe,
          nicolae_shop_stone, nicolae_shop_behind_doors, hellmouth_1,
          abyss_entry, enter_trove_3, minmay_fountain_box,
          infiniplex_staircase_zigzag_4
Depths:3: grunt_runaround [grunt_runaround_doors_1, grunt_runaround_doors_2,
          grunt_runaround_doors_3, grunt_runaround_doors_4,
          grunt_runaround_loot], pan_entry, hell_entry, serial_shops, uniq_jory
Depths:4: minmay_the_grid_triangle_9x9_recursive_2
          [minmay_the_grid_triangle_9x9_prize_insulated,
          minmay_the_grid_triangle_9x9_zippers_horizontal,
          minmay_the_grid_triangle_9x9_checkered,
          minmay_the_grid_triangle_9x9_fully_insulated_deathbox],
          layout_gridville, pf_hell_entry_tar_spiral,
          abyss_entry_small_statue_room, kennysheep_cluttered_room,
          nrook_kobold_shadow_demons, uniq_enchantress
Depths:5: evilmike_zot_entry_diamond, layout_long_grid,
          marbit_kobold_abyss_entry, nicolae_benzene_ring, hell_entry,
          minmay_shoptagon, serial_bayou_shore_b
Zot:1:    layout_onion, grunt_megastairs_3
Zot:2:    layout_misc_corridors
Zot:3:    lemuel_draconian_sentries, layout_misc_corridors
Zot:4:    layout_onion_interference, lemuel_baited_zot_trap
Zot:5:    layout_basic, drop_trap, nicolae_zot_crop_circle

Skill      XL: |  1  2  3  4  5  6  7  8  9 10 11 12 13 14 15 16 17 18 19 20 21 22 23 24 25 26 27 |
---------------+----------------------------------------------------------------------------------+-----
Fighting       | 3 4 5 6 7 8 9 10 11 12 13 14 15 16 18 20 22 24 27 | 27.0
Axes           | 3 4 5 6 7 9 10 12 13 14 15 16 17 18 20 21 22 23 | 23.9
Dodging        | 1 2 3 4 5 6 |  6.9
Armour         | 4 5 6 10 12 14 15 16 17 18 19 20 21 22 23 25 | 25.2
Shields        | 4 5 6 7 8 9 11 14 16 18 19 20 21 23 24 25 | 25.0
Stealth        | 1 3 4 |  4.1
Evocations     | 1 3 |  3.4
Invocations    | 2 3 6 9 10 12 13 14 16 17 18 | 18.0
Slings         | 2 |  2.0
Throwing       | 1 |  1.7
Unarmed Combat | 1 |  1.9
Spellcasting   | 1 |  1.3

Action                   |  1- 3 |  4- 6 |  7- 9 | 10-12 | 13-15 | 16-18 | 19-21 | 22-24 | 25-27 || total
-------------------------+-------+-------+-------+-------+-------+-------+-------+-------+-------++-------
Melee: War axe           |    94 |   250 |   461 |   545 |  1104 |  1123 |   708 |  1401 |  1631 ||  7317
       Headbutt          |       |       |       |    30 |   269 |   416 |   356 |   669 |   529 ||  2269
       Broad axe         |       |       |       |       |       |   433 |   465 |       |       ||   898
       Unarmed           |       |       |       |       |       |       |       |   437 |    19 ||   456
Invok: Lesser Servant of |       |       |       |     8 |     6 |     4 |     1 |     1 |       ||    20
       Major Destruction |       |       |       |       |     7 |       |       |     2 |       ||     9
       Minor Destruction |       |       |       |       |     3 |     4 |       |       |       ||     7
       Greater Servant o |       |       |       |       |       |    10 |    14 |    12 |     7 ||    43
 Abil: Heal Wounds       |     1 |     2 |       |     8 |       |     9 |     6 |    45 |    58 ||   129
Evoke: Wand              |       |       |     2 |    14 |       |     2 |       |     9 |     3 ||    30
       Lightning rod     |       |       |       |       |       |       |       |     1 |    17 ||    18
       Phantom mirror    |       |       |       |       |       |       |       |       |     1 ||     1
  Use: Scroll            |     4 |       |     5 |    17 |    15 |    17 |    14 |     7 |     9 ||    88
       Potion            |     1 |       |     2 |     3 |     1 |     4 |     4 |     3 |    17 ||    35
 Stab: Distracted        |       |       |       |     1 |     6 |     4 |     6 |     7 |     3 ||    27
       Confused          |       |       |       |       |       |     2 |     3 |     1 |     2 ||     8
       Sleeping          |       |       |       |       |       |     2 |       |       |       ||     2
       Paralysed         |       |       |       |       |       |       |    11 |       |       ||    11
       Petrifying        |       |       |       |       |       |       |     5 |       |       ||     5
       Petrified         |       |       |       |       |       |       |     1 |       |       ||     1
  Eat: Chunk             |     1 |     7 |     3 |     3 |    13 |     3 |    10 |     3 |       ||    43
       Ration            |       |       |     3 |     2 |     5 |     9 |     7 |     8 |    12 ||    46
Armor: Scale mail        |    24 |       |       |       |       |       |       |       |       ||    24
       Plate armour      |    40 |   215 |    62 |       |       |       |       |       |       ||   317
       Chain mail        |       |       |   214 |   255 |   429 |   429 |    37 |       |       ||  1364
       Crystal plate arm |       |       |       |       |       |       |   167 |   683 |   787 ||  1637
       Skin              |       |       |       |       |       |       |       |       |     8 ||     8
Dodge: Dodged            |    20 |    49 |   124 |    96 |   238 |   244 |   136 |   286 |   397 ||  1590
       Repelled          |       |       |       |       |       |       |     3 |       |       ||     3
Block: Kite shield       |    55 |   140 |   276 |       |       |       |       |       |       ||   471
       Tower shield      |       |       |    31 |   614 |  1631 |  1962 |  1329 |  2518 |  2246 || 10331
       Reflection        |       |       |       |       |   168 |   199 |   199 |   152 |    62 ||   780

Table legend:
 A = Non-vault XP
 B = Vault XP
 C = Vault XP percentage of total XP
 D = Non-vault monster count
 E = Vault monster count
 F = Vault count percentage of total count
                 A         B        C        D         E       F
            +---------+---------+-------+---------+---------+-------
      Total |  906074 |  869090 |  49.0 |    1587 |     945 |  37.3
            +---------+---------+-------+---------+---------+-------
        D:1 |      60 |       6 |   9.1 |      31 |       2 |   6.1
        D:2 |     134 |       0 |   0.0 |      34 |       0 |   0.0
        D:3 |      93 |       1 |   1.1 |      21 |       1 |   4.5
        D:4 |     543 |     143 |  20.8 |      26 |       6 |  18.8
        D:5 |     962 |    1164 |  54.8 |      27 |       5 |  15.6
        D:6 |     575 |       0 |   0.0 |      23 |       0 |   0.0
        D:7 |    1603 |       0 |   0.0 |      31 |       0 |   0.0
        D:8 |     873 |       0 |   0.0 |      16 |       0 |   0.0
        D:9 |     927 |    1805 |  66.1 |       9 |      19 |  67.9
       D:10 |    2179 |     199 |   8.4 |      18 |       9 |  33.3
       D:11 |    5990 |     831 |  12.2 |      26 |       1 |   3.7
       D:12 |    2645 |    2400 |  47.6 |      21 |      10 |  32.3
       D:13 |    6503 |    4145 |  38.9 |      32 |      29 |  47.5
       D:14 |    4030 |    2781 |  40.8 |      15 |       4 |  21.1
       D:15 |   12546 |    7284 |  36.7 |      42 |      13 |  23.6
     Lair:1 |    3606 |    1694 |  32.0 |      18 |       6 |  25.0
     Lair:2 |    7968 |    1731 |  17.8 |      31 |       6 |  16.2
     Lair:3 |    2871 |    1387 |  32.6 |      16 |       6 |  27.3
     Lair:4 |    5092 |     882 |  14.8 |      22 |      12 |  35.3
     Lair:5 |    1657 |    4826 |  74.4 |       7 |       5 |  41.7
     Lair:6 |   10146 |   10876 |  51.7 |      36 |      28 |  43.8
   Shoals:1 |    7011 |       0 |   0.0 |      18 |       0 |   0.0
   Shoals:2 |     617 |    2177 |  77.9 |       3 |       1 |  25.0
   Shoals:3 |    7360 |    8181 |  52.6 |      19 |      16 |  45.7
   Shoals:4 |    5270 |   17335 |  76.7 |      14 |      33 |  70.2
    Snake:1 |   14582 |       0 |   0.0 |      25 |       0 |   0.0
    Snake:2 |    8778 |    2191 |  20.0 |      20 |       1 |   4.8
    Snake:3 |   14295 |       0 |   0.0 |      29 |       0 |   0.0
    Snake:4 |   28404 |   58110 |  67.2 |      56 |      77 |  57.9
      Orc:1 |    2834 |    8388 |  74.7 |      41 |      11 |  21.2
      Orc:2 |    2651 |   11310 |  81.0 |      15 |      69 |  82.1
      Elf:1 |   26279 |    8961 |  25.4 |      40 |      10 |  20.0
      Elf:2 |   20304 |   23516 |  53.7 |      29 |      31 |  51.7
      Elf:3 |   20028 |   31108 |  60.8 |      30 |      28 |  48.3
   Vaults:1 |   33205 |       0 |   0.0 |      69 |       0 |   0.0
   Vaults:2 |   36382 |   34888 |  49.0 |      60 |      27 |  31.0
   Vaults:3 |   31585 |   30254 |  48.9 |      51 |      45 |  46.9
   Vaults:4 |   62701 |   26127 |  29.4 |      95 |      38 |  28.6
   Vaults:5 |   45897 |  102981 |  69.2 |      48 |      82 |  63.1
    Crypt:1 |    6174 |       0 |   0.0 |      15 |       0 |   0.0
   Depths:1 |   31053 |    4774 |  13.3 |      52 |      16 |  23.5
   Depths:2 |   31172 |   50381 |  61.8 |      44 |      35 |  44.3
   Depths:3 |    3490 |  120842 |  97.2 |       8 |     104 |  92.9
   Depths:4 |   38543 |   60795 |  61.2 |      34 |      39 |  53.4
   Depths:5 |   42516 |   16298 |  27.7 |      45 |      10 |  18.2
      Zot:1 |   42965 |   15915 |  27.0 |      25 |       4 |  13.8
      Zot:2 |   57209 |       0 |   0.0 |      41 |       0 |   0.0
      Zot:3 |   81970 |       0 |   0.0 |      52 |       0 |   0.0
      Zot:4 |   76260 |       0 |   0.0 |      48 |       0 |   0.0
      Zot:5 |   33884 |  182467 |  84.3 |      11 |      46 |  80.7
    Abyss:2 |   21652 |       0 |   0.0 |      48 |       0 |   0.0
     Bailey |       0 |    3416 | 100.0 |       0 |      40 | 100.0
    Volcano |       0 |    2436 | 100.0 |       0 |       7 | 100.0
   Gauntlet |       0 |    4084 | 100.0 |       0 |      13 | 100.0
            +---------+---------+-------+---------+---------+-------
